 Dungeon Crawl Stone Soup version 0.29.1-2-gbd0b4ee654 (webtiles) character file.

Game seed: 14469198026277114923

285 kingsuperguy the Trooper (level 6, -3/56 HPs)
             Began as a Minotaur Berserker on Nov 16, 2022.
             Was a Believer of Trog.
             Killed from afar by Blork the orc (8 damage)
             ... with a puff of frost
             ... on level 4 of the Dungeon.
             The game lasted 00:05:37 (3166 turns).

kingsuperguy the Trooper (Minotaur Berserker)       Turns: 3166, Time: 00:05:38

Health: -3/56      AC:  3    Str: 24    XL:     6   Next: 7%
Magic:  5/5        EV: 12    Int:  4    God:    Trog [**....]
Gold:   62         SH:  0    Dex:  9    Spells: 5/5 levels left

rFire   . . .      SeeInvis .   e - +2 short sword (venom)
rCold   . . .      Faith    .   (no shield)
rNeg    . . .      Spirit   .   k - +0 leather armour
rPois   .          Reflect  .   (helmet restricted)
rElec   .          Harm     .   (no cloak)
rCorr   .          Rampage  .   (no gloves)
Will    .....      Rnd*Tele +   (no boots)
Stlth   +.........              (no amulet)
HPRegen 0.18/turn               (no ring)
MPRegen 0.09/turn               (no ring)

@: on berserk cooldown, hasted and slowed
A: horns 2, retaliatory headbutt, deterioration 1, mutation resistance 1,
teleportitis 1
a: Renounce Religion, Berserk, Trog's Hand


You were on level 4 of the Dungeon.
You worshipped Trog.
Trog was pleased with you.
You visited 1 branch of the dungeon, and saw 4 of its levels.
You also visited: Sewer.

You collected 144 gold pieces.
You spent 82 gold pieces at shops.

Inventory:

Hand Weapons
 a - a +0 mace
 e - a +2 short sword of venom (weapon)
 f - a +2 dagger of speed
 q - a +1 short sword of venom
Missiles
 o - 26 stones (quivered)
 s - 5 poisoned darts
Armour
 b - a +0 animal skin
 g - a +0 plate armour
 k - a +0 leather armour (worn)
Jewellery
 x - a ring of positive energy
Scrolls
 c - a scroll of noise
 h - a scroll of magic mapping {unknown}
 l - a scroll of acquirement {unknown}
 m - a scroll of enchant weapon {unknown}
 u - a scroll of blinking
 v - a scroll of fear
 w - a scroll of identify
Potions
 d - a potion of resistance {unknown}
 i - a potion of brilliance {unknown}
 j - 2 potions of mutation
 n - a potion of magic {unknown}
 p - a potion of haste
 r - a potion of flight {unknown}
 t - a potion of heal wounds {unknown}


   Skills:
 + Level 5.0 Fighting
 + Level 3.1 Short Blades
 + Level 4.7 Maces & Flails
 + Level 3.5 Armour
 + Level 3.3 Dodging
 + Level 1.1 Stealth


You had 5 spell levels left.
You didn't know any spells.
Your spell library was empty.

Dungeon Overview and Level Annotations

Branches:
Dungeon (3/15)              Sewer (visited)

Altars:
Ashenzari

Shops:
D:2 ?=(   D:3 ?

Annotations:
D:4 Blork the orc


Innate Abilities, Weirdness & Mutations

You have a pair of horns on your head.
You reflexively headbutt those who attack you in melee.
Your body sometimes deteriorates upon taking damage.
You are somewhat resistant to further mutation.
You are occasionally teleported next to monsters.


Message History

You hit the scorpion.
The scorpion looks as sick as possible!
Your headbutt misses the scorpion.
The scorpion is heavily wounded.
The scorpion barely misses you.
You puncture the scorpion!
The scorpion looks as sick as possible!
You headbutt the scorpion.
The scorpion is almost dead.
You kill the scorpion!
Trog accepts your kill.
Your Fighting skill increases to level 5!
Your Short Blades skill increases to level 3!
You have reached level 6!
You barely miss the orc.
You are no longer berserk.
You are exhausted.
You feel yourself slow down. The orc closely misses you.
You furiously retaliate!
You headbutt the orc!
You kill the orc!
Trog accepts your kill.
Blork the orc hits you with a +0 battleaxe!
You hit the orc.
The orc is poisoned.
The orc is moderately wounded.
Blork the orc hits you with a +0 battleaxe! x2
* * * LOW HITPOINT WARNING * * *
The orc barely misses you.
It was a potion of mutation.
You feel extremely strange.
You feel yourself wasting away.
You feel weirdly uncertain.
You feel genetically stable.
Blork the orc zaps a wand.
The puff of flame hits you.
* * * LOW HITPOINT WARNING * * *
The orc hits you with a +0 club.
* * * LOW HITPOINT WARNING * * *
Blork the orc closely misses you.
It was a potion of haste.
You feel yourself speed up.
You kill the orc!
Trog accepts your kill.
Blork the orc zaps a wand.
The puff of flame misses you.
Blork the orc points at you and mumbles some strange words.
The puff of frost hits you!
You die...

###. #.. ##.. ...
..# . #.# ..# ..
#.# ...# ##. #.##
...# ....###@o#
...###
......#)####......
......).# #.......
....#...###..# ..#
). ##.....o..#.#.#
................#
#...###.....##.###
#.#.###.........##!
# #.#..............


You could see Blork the orc (fast).

Vanquished Creatures
  Pargi (Sewer)
  A scorpion (D:4)
  An orc wizard (D:4)
  3 adders
  3 worms (D:3)
  2 dart slugs
  2 orcs (D:4)
  6 ball pythons
  6 endoplasms
  2 giant cockroaches (D:3)
  4 goblins
  A hobgoblin (D:1)
  7 jackals
  5 quokkas
  5 bats
  8 frilled lizards
  10 kobolds
  6 rats
73 creatures vanquished.

Vanquished Creatures (others)
  3 plants (D:3)
3 creatures vanquished.

Grand Total: 76 creatures vanquished

Notes
Turn   | Place    | Note
-------+----------+-------------------------------------------
     0 | D:1      | kingsuperguy the Minotaur Berserker began the quest for the
                  | Orb.
     0 | D:1      | Reached XP level 1. HP: 19/19 MP: 0/0
   415 | D:1      | Reached XP level 2. HP: 27/27 MP: 1/1
   544 | D:1      | Reached skill level 4 in Fighting
  1185 | D:2      | Found Dazage's Magic Scroll Boutique.
  1211 | D:2      | Reached XP level 3. HP: 22/33 MP: 2/2
  1411 | D:2      | Found a broken altar of Ashenzari.
  1416 | D:2      | Found Fuheth's Jewellery Shoppe.
  1474 | D:2      | Found Ziuprume's Weapon Boutique.
  1631 | D:2      | Reached ** piety under Trog
  2162 | D:2      | Reached XP level 4. HP: 39/41 MP: 3/3
  2526 | D:3      | Reached skill level 1 in Short Blades
  2527 | D:3      | Found a glowing drain.
  2537 | Sewer    | Entered a sewer
  2635 | Sewer    | Noticed Pargi
  2640 | Sewer    | Killed Pargi
  2641 | Sewer    | Reached XP level 5. HP: 47/47 MP: 4/4
  2899 | D:3      | Found Odaag's Magic Scroll Emporium.
  2907 | D:3      | Bought a scroll of blinking for 82 gold pieces
  3129 | D:3      | You fall into a shaft and drop 1 floor!
  3139 | D:4      | Noticed Blork the orc
  3151 | D:4      | Reached skill level 1 in Stealth
  3161 | D:4      | Reached skill level 5 in Fighting
  3161 | D:4      | Reached XP level 6. HP: 56/56 MP: 5/5
  3165 | D:4      | Gained mutation: Your body sometimes deteriorates upon
                  | taking damage. [potion of mutation]
  3165 | D:4      | Gained mutation: You are occasionally teleported next to
                  | monsters. [potion of mutation]
  3165 | D:4      | Gained mutation: You are somewhat resistant to further
                  | mutation. [potion of mutation]
  3166 | D:4      | Killed from afar by Blork the orc

Illustrated notes

Levels and vault maps discovered:
D:1:      nicolae_arrival_memento_mori, layout_rooms, serial_aquarium,
          aquarium_bridge_straight [aquarium_subvault_bridge,
          aquarium_subvault_balcony, aquarium_subvault_bridge,
          aquarium_subvault_wall], aquarium_bridge_long_separate
          [aquarium_subvault_wall, aquarium_subvault_bridge,
          aquarium_subvault_bridge, aquarium_subvault_bridge,
          aquarium_subvault_wall, aquarium_subvault_window],
          aquarium_window_fake, aquarium_window_2, aquarium_window_1,
          aquarium_window_2, aquarium_view_2a, aquarium_view_2c, aquarium_pool_2
D:2:      minmay_chambers_of_twos, layout_basic, serial_shops, shop_statue,
          shop, nicolae_shop_hallway_stairs, basic_altar,
          nicolae_underground_beach
D:3:      layout_basic, mainiacjoe_overflow_boulevard,
          grunt_temple_overflow_diamond, ebering_ecumenical_altar_hall,
          serial_shops, shop, gup_sewer_entry_bubbles, uniq_sigmund
D:4:      layout_cave_pools, uniq_blork_the_orc, uniq_edmund

Skill      XL: |  1  2  3  4  5 |
---------------+----------------+-----
Fighting       | 4 5 |  5.0
Maces & Flails | 4 |  4.7
Short Blades   | 2 3 |  3.1
Armour         | 3 |  3.5
Dodging        | 3 |  3.3
Stealth        | 1 |  1.1

Action                   |  1- 3 |  4- 6 || total
-------------------------+-------+-------++-------
Melee: Mace              |    20 |       ||    20
       Punch             |     2 |       ||     2
       Short sword       |    64 |    74 ||   138
       Headbutt          |     9 |     7 ||    16
Invok: Berserk           |     2 |     3 ||     5
  Use: Scroll            |       |     3 ||     3
       Potion            |       |     2 ||     2
 Stab: Sleeping          |     1 |       ||     1
Armor: Animal skin       |     6 |       ||     6
       Leather armour    |    20 |    14 ||    34
Dodge: Dodged            |    59 |    42 ||   101
